Map: [ESL] Alcyone

Players

Astrea - Winner!

  • Race: Protoss Protoss
  • Spawn Location: 1:00

Kelazhur

  • Race: Terran Terran
  • Spawn Location: 7:00

Event: ESL SC2 Masters 2023 Winter (Regional)

VOD

Have the link to the VOD?

Description

Time

  • Played on: Nov. 10, 2023, 12:45 p.m.
  • Length: 8:07

All games in this series

Show
View Real Time Build Order
Export as new Build Order

Astrea Protoss - Winner!

Build Orders: 1 Gate Expand, Phoenix Opening, Colossus Rush 

Get SALT Encoding   

  12  0:00  Probe  
  13  0:12  Probe  
  14  0:17  Pylon  
  14  0:24  Probe (Chrono Boost)  
  16  0:36  Gateway, Probe (Chrono Boost)  
  16  0:43  Probe (Chrono Boost)  
  16  0:45  Assimilator  
  17  0:51  Probe  
  18  1:03  Probe  
  19  1:15  Probe  
  20  1:19  Nexus  
  20  1:29  Cybernetics Core  
  21  1:32  Probe  
  21  1:37  Assimilator  
  21  1:44  Probe  
  22  1:48  Pylon  
  22  1:57  Probe  
  23  2:05  Sentry (Chrono Boost)  
  23  2:06  Warp Gate  
  25  2:09  Probe  
  25  2:13  Shield Battery  
  26  2:19  Stalker (Chrono Boost)  
  26  2:21  Probe  
  29  2:29  Gateway, Phoenix  
  29  2:34  Probe (Chrono Boost)  
  29  2:37  Probe (Chrono Boost)  
  30  2:46  Probe (Chrono Boost)  
  30  2:48  Probe (Chrono Boost)  
  32  2:51  Probe (Chrono Boost)  
  32  2:53  Probe (Chrono Boost), Stalker  
  36  3:01  Probe  
  36  3:05  Robotics Facility  
  37  3:07  Probe  
  38  3:13  Probe  
  38  3:16  Stalker  
  38  3:19  Probe  
  42  3:25  Probe  
  43  3:31  Probe  
  44  3:37  Probe  
  44  3:40  Nexus  
  45  3:43  Probe, Pylon  
  46  3:53  Assimilator  
  46  3:55  Robotics Bay  
  46  3:57  Probe  
  46  4:00  Assimilator  
  46  4:01  Observer (Chrono Boost), Probe  
  49  4:04  Pylon  
  49  4:05  Probe  
  50  4:12  Pylon  
  50  4:13  Probe  
  51  4:19  Immortal (Chrono Boost), Probe  
  56  4:25  Sentry, Probe  
  59  4:32  Probe  
  59  4:35  Sentry  
  59  4:37  Shield Battery, Probe  
  63  4:40  Observer  
  63  4:44  Probe  
  64  4:49  Probe  
  64  4:50  Colossus (Chrono Boost)  
  65  4:55  Probe  
  65  4:56  Probe  
  73  5:01  Probe  
  73  5:07  Extended Thermal Lance (Chrono Boost), Probe  
  74  5:08  Probe  
  74  5:10  Pylon  
  74  5:14  Probe  
  77  5:19  Probe  
  77  5:20  Probe  
  79  5:26  Probe  
  79  5:27  Colossus (Chrono Boost)  
  80  5:30  Gateway x2  
  80  5:31  Probe  
  80  5:32  Probe  
  88  5:36  Gateway, Pylon  
  88  5:38  Probe  
  89  5:43  Observer, Probe  
  89  5:44  Gateway  
  89  5:48  Gateway  
  90  5:52  Gateway  
  90  5:57  Stalker x2  
  94  6:07  Warp Prism (Chrono Boost)  
  94  6:08  Pylon  
  95  6:20  Pylon  
  95  6:23  Stalker x2, Pylon  
  99  6:25  Stalker  
  99  6:26  Pylon, Stalker  
  99  6:28  Pylon  
  103  6:32  Assimilator  
  103  6:34  Stalker  
  103  6:36  Observer (Chrono Boost)  
  103  6:39  Stalker  
  108  6:43  Stalker  
  110  6:49  Adept x5  
  110  6:53  Pylon  
  120  6:55  Pylon  
  120  7:06  Stalker x3  
  126  7:12  Observer  
  124  7:16  Adept x2  
  124  7:17  Adept x3  
  134  7:43  Pylon  
  134  7:45  Stalker x7  
  134  7:46  Stalker  
  150  7:56  Forge  
  156  7:58  Twilight Council  
Show
View Real Time Build Order
Export as new Build Order

Kelazhur Terran 

Build Orders: Reaper Expand 

Get SALT Encoding   

  12  0:00  SCV  
  13  0:12  SCV  
  14  0:17  Supply Depot  
  14  0:24  SCV  
  15  0:38  SCV  
  15  0:41  Barracks  
  16  0:42  Refinery  
  16  0:51  SCV  
  17  1:03  SCV  
  18  1:15  SCV  
  19  1:28  Orbital Command, Reaper  
  20  1:40  Command Center  
  20  1:49  Supply Depot  
  20  1:54  SCV  
  21  2:00  Marine  
  22  2:06  SCV  
  23  2:18  Barracks Reactor, SCV  
  24  2:29  Command Center  
  24  2:33  SCV  
  25  2:43  Barracks  
  25  2:46  SCV  
  25  2:51  Barracks  
  26  2:56  Marine  
  28  3:01  Orbital Command  
  28  3:04  SCV  
  28  3:07  Marine  
  29  3:14  Marine  
  29  3:17  SCV, Engineering Bay  
  31  3:25  Marine  
  32  3:27  SCV  
  32  3:29  SCV  
  32  3:30  Barracks Tech Lab  
  32  3:32  Marine  
  35  3:39  SCV  
  36  3:41  Barracks Tech Lab, SCV  
  36  3:43  Orbital Command  
  36  3:46  Marine  
  38  3:51  SCV  
  38  3:52  Marine  
  38  3:53  SCV  
  43  3:55  Marauder  
  43  3:57  Stimpack  
  43  4:00  Bunker  
  42  4:03  Terran Infantry Weapons Level 1  
  42  4:05  SCV  
  42  4:06  SCV  
  42  4:09  Marauder  
  46  4:10  Marine  
  46  4:12  Marine  
  46  4:15  Combat Shield  
  48  4:18  SCV x2  
  48  4:21  Marauder  
  52  4:24  Missile Turret  
  52  4:25  SCV  
  52  4:28  Supply Depot  
  52  4:29  Marine  
  52  4:30  Marine  
  55  4:32  SCV  
  55  4:33  SCV  
  55  4:36  Marauder  
  59  4:40  Supply Depot  
  59  4:44  Marauder  
  61  4:48  Refinery  
  61  4:49  SCV x2  
  61  4:51  Supply Depot  
  61  4:52  Marine x2  
  65  4:57  Marauder, SCV  
  68  5:01  Missile Turret  
  68  5:03  SCV  
  68  5:05  Marauder  
  71  5:07  Supply Depot  
  71  5:11  SCV  
  71  5:13  Marine x2, Refinery  
  74  5:17  SCV  
  74  5:19  Marine  
  76  5:25  SCV  
  76  5:26  Marine, SCV  
  79  5:31  Factory, Marine x2  
  79  5:32  Supply Depot, Refinery  
  81  5:37  Marine  
  81  5:41  SCV  
  83  5:43  Supply Depot, Concussive Shells  
  83  5:44  Marine  
  83  5:48  Orbital Command, SCV  
  83  5:49  Marine  
  86  5:57  Terran Infantry Armor Level 1, SCV  
  86  5:58  Barracks  
  86  5:59  Barracks  
  86  6:00  SCV  
  86  6:01  Marauder, Marine  
  91  6:09  SCV  
  92  6:12  SCV  
  92  6:16  Marauder, Marine  
  92  6:17  Factory Reactor  
  92  6:18  SCV  
  97  6:19  Marine  
  97  6:21  SCV  
  97  6:23  Marauder  
  97  6:24  SCV  
  102  6:28  Supply Depot  
  102  6:30  SCV  
  102  6:31  Supply Depot  
  103  6:33  SCV  
  103  6:34  Marine  
  103  6:36  SCV  
  103  6:37  Marauder  
  108  6:40  Armory  
  108  6:41  Engineering Bay  
  108  6:44  SCV  
  108  6:46  Barracks Reactor, Barracks Tech Lab  
  109  6:50  Marauder, SCV  
  109  6:52  Supply Depot  
  112  6:54  Supply Depot  
  112  6:55  Supply Depot  
  112  6:58  Marine x2  
  112  6:59  Marauder  
  116  7:03  SCV  
  116  7:04  Starport  
  116  7:05  SCV  
  117  7:12  Marine  
  117  7:13  Marauder  
  112  7:16  Factory Reactor, Marine  
  112  7:17  SCV  
  112  7:19  SCV  
  112  7:20  Marauder, Marine  
  116  7:23  Marine  
  116  7:27  Marine  
  118  7:30  Marauder  
  118  7:33  Marine  
  118  7:34  Marine  
  119  7:38  Marine  
  119  7:41  Marine x2  
  117  7:45  SCV x2, Marine  
Tags
 
Add a new tag
Caveats
  • Supply blocks, unpowered buildings, or Contaminate may cause inaccurate times.
  • Supply counts are checked every 10 seconds.